 Dungeon Crawl Stone Soup version 0.25-a0-2-g6559c6c67a (webtiles) character file.

Game seed: 12245937531013151968, levelgen mode: deterministic

229 MalarOregon the Conjurer (level 5, -15/42 HPs)
             Began as a Draconian Conjurer on Oct 14, 2019.
             Demolished by an ogre
             ... wielding a +0 giant spiked club
              (28 damage)
             ... on level 3 of the Dungeon.
             The game lasted 00:12:38 (6551 turns).

MalarOregon the Conjurer (Draconian Conjurer)       Turns: 6551, Time: 00:12:39

Health: -15/42     AC:  6    Str: 10    XL:     5   Next: 71%
Magic:  9/9        EV:  8    Int: 16    God:
Gold:   132        SH: 11    Dex: 12    Spells: 9/10 levels left

rFire    . . .     SeeInvis .   g - +1 dagger
rCold    . . .     Gourm    .   f - +1 large shield
rNeg     . . .     Faith    .   (armour unavailable)
rPois    .         Spirit   .   (helmet restricted)
rElec    .         Reflect  .   (no cloak)
rCorr    .         Harm     .   l - +0 pair of gloves
MR       .....                  (no boots)
Stlth    ++........             q - amulet of rage
HPRegen  0.14/turn              (no ring)
MPRegen  0.11/turn              (no ring)

@: no status effects
A: unfitting armour, cold-blooded, AC +5
a: Evoke Berserk Rage


You were on level 3 of the Dungeon.
You were not hungry.

You visited 1 branch of the dungeon, and saw 4 of its levels.

You collected 132 gold pieces.

Inventory:

Hand Weapons
 g - a +1 dagger (weapon)
   (You took it off a kobold on level 1 of the Dungeon)
Missiles
 t - 7 poisoned darts (quivered)
Armour
 f - a +1 large shield (worn)
   (You found it on level 2 of the Dungeon)
 l - a +0 pair of gloves (worn)
   (You found it on level 2 of the Dungeon)
 p - a scarf of resistance
   (You found it on level 2 of the Dungeon)
Jewellery
 q - an amulet of rage (around neck)
   (You found it on level 3 of the Dungeon)
Scrolls
 b - a scroll of remove curse {unknown}
 d - 4 scrolls of identify {@r1}
 h - 2 scrolls of fog
 i - a scroll of teleportation {@r4}
Potions
 k - 2 potions of haste {@q3}
Comestibles
 e - 3 rations {!d}


   Skills:
 + Level 2.6 Fighting
 + Level 2.9 Dodging
 - Level 1.7 Stealth
 + Level 1.7 Shields
 + Level 3.1 Spellcasting
 + Level 4.8 Conjurations


You had 9 spell levels left.
You knew the following spells:

 Your Spells              Type           Power        Failure   Level  Hunger
a - Magic Dart            Conj           ###.         45%         1    #......

Your spell library contained the following spells:

 Spells                   Type           Power        Failure   Level  Hunger
 Searing Ray              Conj           ###...       61%         2    ##.....
 Summon Small Mammal      Summ           #...         98%         1    #......
 Call Imp                 Summ           #.......     99%         2    ##.....
 Dazzling Spray           Conj/Hex       ##....       99%         3    ###....
 Iskenderun's Mystic Bla  Conj           ###.....     99%         4    #####..
 Call Canine Familiar     Summ           #.......     100%        3    ###....
 Summon Guardian Golem    Hex/Summ       #.......     100%        3    ###....
 Force Lance              Conj/Tloc      ##......     100%        4    #####..
 Fulminant Prism          Conj/Hex       ##........   100%        4    #####..
 Summon Ice Beast         Ice/Summ       #.......     100%        4    #####..
 Summon Lightning Spire   Summ/Air       #.......     100%        4    #####..


Dungeon Overview and Level Annotations

Branches:
Dungeon (4/15)
 Temple: D:4-7

Altars:

Annotations:
D:3 Grinder


Innate Abilities, Weirdness & Mutations

Your plain brown scales are hard. (AC +5)
You cannot fit into any form of body armour.
You are cold-blooded and may be slowed by cold attacks.


Message History

Level annotation: Grinder
There is a stone staircase leading down here.
Throwing (i - inventory)
t - 15 poisoned darts (quivered)
Aim: an ogre, wielding a +0 giant spiked club You throw a poisoned dart.
The poisoned dart hits the ogre.
The ogre is poisoned.
You hit the ogre. The ogre barely misses you.
Throwing (i - inventory)
t - 14 poisoned darts (quivered)
Aim: an ogre, wielding a +0 giant spiked club (lightly wounded, poisoned)
You throw a poisoned dart.
The poisoned dart barely misses the ogre.
The ogre closely misses you.
Throwing (i - inventory)
t - 13 poisoned darts (quivered)
Aim: an ogre, wielding a +0 giant spiked club (lightly wounded, poisoned)
You throw a poisoned dart. The poisoned dart hits the ogre.
You block the ogre's attack.
Throwing (i - inventory)
t - 12 poisoned darts (quivered)
Aim: an ogre, wielding a +0 giant spiked club (lightly wounded, poisoned)
You throw a poisoned dart.
The poisoned dart barely misses the ogre.
The ogre hits you with a +0 giant spiked club!!
Ouch! That really hurt!
* * * LOW HITPOINT WARNING * * *
The ogre looks more healthy.
Throwing (i - inventory)
t - 11 poisoned darts (quivered)
Aim: an ogre, wielding a +0 giant spiked club (moderately wounded)
You throw a poisoned dart. The poisoned dart hits the ogre.
The ogre is poisoned.
You block the ogre's attack.
The ogre looks more healthy.
Throwing (i - inventory)
t - 10 poisoned darts (quivered)
Aim: an ogre, wielding a +0 giant spiked club (moderately wounded)
You throw a poisoned dart. The poisoned dart hits the ogre.
The ogre is poisoned.
The ogre looks more healthy.
All of the chunks of flesh in your inventory have rotted away.
Throwing (i - inventory)
t - 9 poisoned darts (quivered)
Aim: an ogre, wielding a +0 giant spiked club (heavily wounded)
You throw a poisoned dart. The poisoned dart hits the ogre.
The ogre is poisoned.
The ogre hits you with a +0 giant spiked club!
* * * LOW HITPOINT WARNING * * *
The ogre looks more healthy.
Throwing (i - inventory)
t - 8 poisoned darts (quivered)
Aim: an ogre, wielding a +0 giant spiked club (severely wounded)
You throw a poisoned dart. The poisoned dart hits the ogre.
The ogre is poisoned.
The ogre hits you with a +0 giant spiked club!!
Ouch! That really hurt!
You die...

#.........# #.###.......
#.#######.# #.# #.#..... #.#
#.# #.# #.###### #.# #.# #.#
#.# #.# #.# #.# #.#
#.#######.# #.# #.#
#.#.......# #.# #.# ####
###.#.#########.# #.# #...
#....<...@O.....###.###...
###.#.###########.......+...
#.....(........(......###...
#.#.#.###########>..........
#.#.#.#.....((....##........
#.#.#.#.#######.#.##........
#(#.#.#.#.....#.#.##........
#.#...#.#.###.#.#.##........
##.#####.#.#.#.#.#.##.......#


You could see an ogre.

Vanquished Creatures
  A hound (D:4)
  2 orc priests (D:2)
  A worker ant (D:3)
  2 adders (D:2)
  2 oozes
  2 worms (D:2)
  6 orcs (D:3)
  A ball python (D:1)
  5 giant cockroaches
  10 hobgoblins
  7 jackals (D:1)
  4 kobolds
  3 bats
  10 frilled lizards
  9 goblins
  8 rats
73 creatures vanquished.

Notes
Turn   | Place    | Note
-------+----------+-------------------------------------------
     0 | D:1      | MalarOregon the Draconian Conjurer began the quest for the
                  | Orb.
     0 | D:1      | Reached XP level 1. HP: 14/14 MP: 3/3
   462 | D:1      | Reached XP level 2. HP: 3/22 MP: 0/5
   843 | D:1      | Reached skill level 1 in Fighting
  1558 | D:2      | Reached XP level 3. HP: 20/28 MP: 6/6
  3350 | D:2      | Reached XP level 4. HP: 34/36 MP: 7/7
  3563 | D:3      | Reached skill level 1 in Shields
  4367 | D:3      | Noticed Grinder
  5154 | D:2      | Reached XP level 5. HP: 3/41 MP: 7/9
  5469 | D:2      | HP: 2/41 [orc priest/+0 flail (11)]
  5477 | D:2      | HP: 2/41 [orc priest/+0 flail (1)]
  6477 | D:4      | Noticed an ogre
  6551 | D:3      | Demolished by an ogre

Levels and vault maps discovered:
D:1:      dpeg_arrival_central, layout_loops_ring
D:2:      layout_rooms, due_unseen_surprise
D:3:      layout_basic, uniq_grinder
D:4:      layout_cave_pools, zin_purify, first_ration

Skill      XL: |  1  2  3  4  5 |
---------------+----------------+-----
Dodging        | 2 |  2.9
Fighting       | 1 2 |  2.6
Shields        | 1 |  1.7
Spellcasting   | 3 |  3.1
Stealth        | |  1.7
Conjurations   | |  4.8

Action                   |  1- 3 |  4- 6 || total
-------------------------+-------+-------++-------
Melee: Unarmed           |    49 |       ||    49
       Tailslap          |    17 |    25 ||    42
       Dagger            |   158 |   203 ||   361
Throw: Dart              |       |    12 ||    12
 Cast: Magic Dart        |    60 |    33 ||    93
 Abil: Evoke Berserk Rag |       |     1 ||     1
  Use: Potion            |     1 |     4 ||     5
       Scroll            |       |     9 ||     9
 Stab: Sleeping          |     1 |     3 ||     4
  Eat: Chunk             |     5 |     9 ||    14
       Ration            |     1 |     1 ||     2
Armor: Skin              |    79 |    46 ||   125
Dodge: Dodged            |    93 |    68 ||   161
Block: Large shield      |    67 |   111 ||   178

Table legend:
 A = Non-vault XP
 B = Vault XP
 C = Vault XP percentage of total XP
 D = Non-vault monster count
 E = Vault monster count
 F = Vault count percentage of total count
                 A         B        C        D         E       F
            +---------+---------+-------+---------+---------+-------
      Total |     328 |       0 |   0.0 |      73 |       0 |   0.0
            +---------+---------+-------+---------+---------+-------
        D:1 |      36 |       0 |   0.0 |      21 |       0 |   0.0
        D:2 |     151 |       0 |   0.0 |      22 |       0 |   0.0
        D:3 |      96 |       0 |   0.0 |      29 |       0 |   0.0
        D:4 |      45 |       0 |   0.0 |       1 |       0 |   0.0
            +---------+---------+-------+---------+---------+-------
